TOP OF THE 1ST |
Mercer Island Screaming Eagles batting - Pitching for Minnesota Loons : RHP David Maxwell
|
Pitching: RHP David Maxwell
|
|
Batting: RHB Maxence Sultanbekov
|
0-0: Ball 1-0: Ball 2-0: Ball 3-0: Called Strike 3-1: Called Strike 3-2: Reached on error, E4 (Groundball, 4M, EV 93.8 MPH)
|
Batting: RHB Dave Broom
|
0-0: Ball 1-0: Fly out, F8 (Line Drive, 8RM, EV 104.4 MPH)
|
Batting: SHB Jeffery Simpson
|
0-0: Ball 1-0: Ball 2-0: Fielders Choice at 2nd, 3-6 (Groundball, 34, EV 81.9 MPH)
|
Batting: LHB Joe James
|
0-0: Foul Ball, location: 2F 0-1: Called Strike 0-2: Ball 1-2: Ball 2-2: Ball 3-2: Base on Balls Jeffery Simpson to second
|
Batting: RHB Emílio Ramírez
|
0-0: Ball 1-0: Foul Ball, location: 2F 1-1: Foul Ball, location: 2F 1-2: Ball 2-2: SINGLE (Line Drive, 7S, EV 102.5 MPH) Jeffery Simpson to third Joe James to second Runner from 3rd tries for Home, SAFE, throw by LF to home
|
Batting: LHB Nelson López
|
0-0: Called Strike 0-1: Ball 1-1: Called Strike 1-2: DOUBLE (Line Drive, 89D, EV 105.0 MPH) Joe James scores Emílio Ramírez to third Runner from 3rd tries for Home, SAFE, throw by RF to trailing runner, OUT at third! 9-4-5
|
Top of the 1st over - 3 runs, 2 hits, 1 error, 0 left on base; Mercer Island 3 - Minnesota 0 |
BOTTOM OF THE 1ST |
Minnesota Loons batting - Pitching for Mercer Island Screaming Eagles : RHP Alberto López
|
Pitching: RHP Alberto López
|
|
Batting: RHB Javier Vázquez
|
0-0: Ball 1-0: SINGLE (Groundball, 56D, EV 99.4 MPH)
|
Batting: RHB Héctor Espiga
|
0-0: 2-RUN HOME RUN (Flyball, 7LD, EV 95.0 MPH), Distance : 336 ft
|
Batting: LHB Andrés Rodríguez
|
0-0: Ball 1-0: Ball 2-0: Called Strike 2-1: Swinging Strike 2-2: Ball 3-2: Strikes out swinging
|
Batting: LHB Derek Corbin
|
0-0: Ball 1-0: Ball 2-0: Fly out, F7 (Flyball, 7LM, EV 96.9 MPH)
|
Batting: RHB Igme Samson
|
0-0: Foul Ball, location: 2F 0-1: Swinging Strike 0-2: Ball 1-2: Strikes out swinging
|
Bottom of the 1st over - 2 runs, 2 hits, 0 errors, 0 left on base; Mercer Island 3 - Minnesota 2 |
TOP OF THE 2ND |
Mercer Island Screaming Eagles batting - Pitching for Minnesota Loons : RHP David Maxwell
|
Batting: SHB Serious Lee
|
0-0: Ball 1-0: Called Strike 1-1: Fly out, F8 (Line Drive, 8RD, EV 97.5 MPH)
|
Batting: RHB Alfredo Araújo
|
0-0: Swinging Strike 0-1: Fly out, F8 (Flyball, 8RD, EV 98.8 MPH)
|
Batting: RHB Mikael Evangjeli
|
0-0: SINGLE (Line Drive, 8LS, EV 101.2 MPH)
|
Batting: RHB Maxence Sultanbekov
|
0-0: Swinging Strike Mikael Evangjeli is caught stealing 2nd base 2-4
|
Top of the 2nd over - 0 runs, 1 hit, 0 errors, 0 left on base; Mercer Island 3 - Minnesota 2 |
BOTTOM OF THE 2ND |
Minnesota Loons batting - Pitching for Mercer Island Screaming Eagles : RHP Alberto López
|
Batting: RHB Kao-tsu Koo
|
0-0: Ball 1-0: Foul Ball, location: 2F 1-1: Swinging Strike 1-2: Ball 2-2: Strikes out swinging
|
Batting: RHB Isagani Gorre
|
0-0: Called Strike 0-1: Ball 1-1: Ball 2-1: Swinging Strike 2-2: Strikes out swinging
|
Batting: RHB Raúl Maradona
|
0-0: Foul Ball, location: 2F 0-1: Ball 1-1: Foul Ball, location: 2F 1-2: Ball 2-2: SINGLE (Groundball, 34D, EV 105.6 MPH)
|
Batting: RHB Gabriel Torres
|
0-0: Ball 1-0: Fly out, F9 (Flyball, 89S, EV 94.4 MPH)
|
Bottom of the 2nd over - 0 runs, 1 hit, 0 errors, 1 left on base; Mercer Island 3 - Minnesota 2 |
TOP OF THE 3RD |
Mercer Island Screaming Eagles batting - Pitching for Minnesota Loons : RHP David Maxwell
|
Batting: RHB Maxence Sultanbekov
|
0-0: Ball 1-0: Ground out 6-3 (Groundball, 6, EV 108.8 MPH)
|
Batting: RHB Dave Broom
|
0-0: Ball 1-0: Fly out, F6 (Line Drive, 6, EV 67.5 MPH)
|
Batting: SHB Jeffery Simpson
|
0-0: Foul Ball, location: 2F 0-1: Ball 1-1: Ball 2-1: Ball 3-1: SINGLE (Line Drive, 78S, EV 106.9 MPH)
|
Batting: LHB Joe James
|
0-0: Fly out, F8 (Flyball, 8RD, EV 100.6 MPH)
|
Top of the 3rd over - 0 runs, 1 hit, 0 errors, 1 left on base; Mercer Island 3 - Minnesota 2 |
BOTTOM OF THE 3RD |
Minnesota Loons batting - Pitching for Mercer Island Screaming Eagles : RHP Alberto López
|
Batting: RHB Javier Vázquez
|
0-0: Ball 1-0: Foul Ball, location: 2F 1-1: Foul Ball, location: 2F 1-2: Foul Ball, location: 2F 1-2: Ball 2-2: Fly out, F7 (Line Drive, 7S, EV 102.5 MPH)
|
Batting: RHB Héctor Espiga
|
0-0: Ball 1-0: Ball 2-0: Ball 3-0: Swinging Strike 3-1: Swinging Strike 3-2: Ground out 4-3 (Groundball, 34, EV 83.8 MPH)
|
Batting: LHB Andrés Rodríguez
|
0-0: SINGLE (Line Drive, 4MD, EV 102.5 MPH)
|
Batting: LHB Derek Corbin
|
0-0: Ball 1-0: Ball 2-0: Ball 3-0: Base on Balls Andrés Rodríguez to second
|
Batting: RHB Igme Samson
|
0-0: Ball 1-0: Foul Ball, location: 2F 1-1: Ball 2-1: Ball 3-1: Swinging Strike 3-2: Ground out 6-3 (Groundball, 6, EV 85.6 MPH)
|
Bottom of the 3rd over - 0 runs, 1 hit, 0 errors, 2 left on base; Mercer Island 3 - Minnesota 2 |
TOP OF THE 4TH |
Mercer Island Screaming Eagles batting - Pitching for Minnesota Loons : RHP David Maxwell
|
Batting: RHB Emílio Ramírez
|
0-0: Ball 1-0: Ball 2-0: Called Strike 2-1: Fly out, F8 (Flyball, 8LD, EV 101.2 MPH)
|
Batting: LHB Nelson López
|
0-0: Ball 1-0: Ball 2-0: Ball 3-0: Base on Balls
|
Batting: SHB Serious Lee
|
0-0: Ball 1-0: Fly out, F8 (Line Drive, 8LD, EV 96.9 MPH)
|
Batting: RHB Alfredo Araújo
|
0-0: SINGLE (Line Drive, 7LS, EV 90.6 MPH) Nelson López to second
|
Batting: RHB Mikael Evangjeli
|
0-0: Swinging Strike 0-1: Foul Ball, location: 2F 0-2: Strikes out swinging
|
Top of the 4th over - 0 runs, 1 hit, 0 errors, 2 left on base; Mercer Island 3 - Minnesota 2 |
BOTTOM OF THE 4TH |
Minnesota Loons batting - Pitching for Mercer Island Screaming Eagles : RHP Alberto López
|
Batting: RHB Kao-tsu Koo
|
0-0: Called Strike 0-1: Foul Ball, location: 2F 0-2: Ball 1-2: DOUBLE (Line Drive, 7LM, EV 103.1 MPH)
|
Batting: RHB Isagani Gorre
|
0-0: Ball 1-0: Fly out, F8 (Flyball, 78D, EV 95.6 MPH)
|
Batting: RHB Raúl Maradona
|
0-0: Ball 1-0: Called Strike 1-1: Ball 2-1: Ball 3-1: SINGLE (Groundball, 56D, EV 95.0 MPH) Kao-tsu Koo to third Runner from 3rd tries for Home, SAFE, throw by LF to home
|
Batting: RHB Gabriel Torres
|
0-0: Called Strike 0-1: Swinging Strike 0-2: Fielders Choice at 2nd, 1-6 (Groundball, 34S, EV 90.6 MPH)
|
Batting: RHB Javier Vázquez
|
0-0: Ball 1-0: Ball 2-0: Ball 3-0: Called Strike 3-1: Base on Balls Gabriel Torres to second
|
Batting: RHB Héctor Espiga
|
0-0: Ball 1-0: Swinging Strike 1-1: Fly out, F8 (Flyball, 8LM, EV 95.0 MPH)
|
Bottom of the 4th over - 1 run, 2 hits, 0 errors, 2 left on base; Mercer Island 3 - Minnesota 3 |
TOP OF THE 5TH |
Mercer Island Screaming Eagles batting - Pitching for Minnesota Loons : RHP David Maxwell
|
Batting: RHB Maxence Sultanbekov
|
0-0: Foul Ball, location: 2F 0-1: Ball 1-1: Called Strike 1-2: Ball 2-2: Ball 3-2: Base on Balls
|
Batting: RHB Dave Broom
|
0-0: Ball 1-0: Foul Ball, location: 2F 1-1: Ball 2-1: 2-RUN HOME RUN (Flyball, 7LD, EV 102.5 MPH), Distance : 349 ft
|
Pitching: RHP Ronald Beedy
|
|
Batting: SHB Jeffery Simpson
|
0-0: Called Strike 0-1: Foul Ball, location: 2F 0-2: Ball 1-2: Foul Ball, location: 2F 1-2: Ball 2-2: Ground out 6-3 (Groundball, 6, EV 76.2 MPH)
|
Batting: LHB Joe James
|
0-0: Ball 1-0: SINGLE (Groundball, 3D, EV 106.9 MPH)
|
Batting: RHB Emílio Ramírez
|
0-0: Ball 1-0: Fly out, F8 (Flyball, 78D, EV 88.8 MPH)
|
Batting: LHB Nelson López
|
0-0: Ball 1-0: Foul Ball, location: 2F 1-1: Ball 2-1: Fly out, F9 (Line Drive, 9, EV 86.9 MPH)
|
Top of the 5th over - 2 runs, 2 hits, 0 errors, 1 left on base; Mercer Island 5 - Minnesota 3 |
BOTTOM OF THE 5TH |
Minnesota Loons batting - Pitching for Mercer Island Screaming Eagles : RHP Alberto López
|
Batting: LHB Andrés Rodríguez
|
0-0: Called Strike 0-1: Fly out, F9 (Flyball, 89M, EV 83.1 MPH)
|
Batting: LHB Derek Corbin
|
0-0: Ball 1-0: Ball 2-0: SINGLE (Groundball, 4S, EV 66.9 MPH) (infield hit)
|
Batting: RHB Igme Samson
|
0-0: Ball 1-0: Foul Ball, location: 2F 1-1: 2-RUN HOME RUN (Flyball, 7D, EV 95.6 MPH), Distance : 361 ft
|
Pitching: RHP Zion DeBose
|
|
Batting: RHB Kao-tsu Koo
|
0-0: Ball 1-0: Ground out 5-3 (Groundball, 56S, EV 70.0 MPH)
|
Batting: RHB Isagani Gorre
|
0-0: Ball 1-0: Ball 2-0: Foul Ball, location: 2F 2-1: SINGLE (Groundball, 56S, EV 63.1 MPH) (infield hit)
|
Batting: RHB Raúl Maradona
|
0-0: Ball 1-0: Ball 2-0: Ball 3-0: Called Strike 3-1: Called Strike 3-2: Fly out, F8 (Flyball, 8LS, EV 71.2 MPH)
|
Bottom of the 5th over - 2 runs, 3 hits, 0 errors, 1 left on base; Mercer Island 5 - Minnesota 5 |
TOP OF THE 6TH |
Mercer Island Screaming Eagles batting - Pitching for Minnesota Loons : RHP Ronald Beedy
|
Batting: SHB Serious Lee
|
0-0: Ball 1-0: Ball 2-0: Ball 3-0: Called Strike 3-1: Swinging Strike 3-2: Strikes out swinging
|
Batting: RHB Alfredo Araújo
|
0-0: Ball 1-0: SINGLE (Line Drive, 89S, EV 95.0 MPH)
|
Batting: RHB Mikael Evangjeli
|
0-0: Ball 1-0: Called Strike 1-1: Ball 2-1: Foul Ball, location: 2F 2-2: Ball 3-2: Foul Ball, location: 2F 3-2: Base on Balls Alfredo Araújo to second
|
Batting: RHB Maxence Sultanbekov
|
0-0: Swinging Strike 0-1: Foul Ball, location: 2F 0-2: Foul Ball, location: 2F 0-2: Ball 1-2: Strikes out looking
|
Batting: RHB Dave Broom
|
0-0: Called Strike 0-1: Ball 1-1: Foul Ball, location: 2F 1-2: Fly out, F8 (Line Drive, 8LM, EV 94.4 MPH)
|
Top of the 6th over - 0 runs, 1 hit, 0 errors, 2 left on base; Mercer Island 5 - Minnesota 5 |
BOTTOM OF THE 6TH |
Minnesota Loons batting - Pitching for Mercer Island Screaming Eagles : RHP Zion DeBose
|
Batting: RHB Gabriel Torres
|
0-0: Ball 1-0: Swinging Strike 1-1: Called Strike 1-2: Ball 2-2: Strikes out swinging
|
Batting: RHB Javier Vázquez
|
0-0: Called Strike 0-1: Ground out 5-3 (Groundball, 5, EV 82.5 MPH)
|
Batting: RHB Héctor Espiga
|
0-0: Called Strike 0-1: Ball 1-1: Foul Ball, location: 2F 1-2: Fly out, F7 (Flyball, 7LM, EV 103.1 MPH)
|
Bottom of the 6th over - 0 runs, 0 hits, 0 errors, 0 left on base; Mercer Island 5 - Minnesota 5 |
TOP OF THE 7TH |
Mercer Island Screaming Eagles batting - Pitching for Minnesota Loons : RHP Ronald Beedy
|
Batting: SHB Jeffery Simpson
|
0-0: Called Strike 0-1: Called Strike 0-2: Fly out, F7 (Line Drive, 7, EV 105.0 MPH)
|
Batting: LHB Joe James
|
0-0: Called Strike 0-1: Ball 1-1: Ball 2-1: Ground out 4-3 (Groundball, 4, EV 79.4 MPH)
|
Batting: RHB Emílio Ramírez
|
0-0: Foul Ball, location: 2F 0-1: Ball 1-1: Ball 2-1: Foul Ball, location: 2F 2-2: Ball 3-2: Ground out U3 (Groundball, 3, EV 89.4 MPH)
|
Top of the 7th over - 0 runs, 0 hits, 0 errors, 0 left on base; Mercer Island 5 - Minnesota 5 |
BOTTOM OF THE 7TH |
Minnesota Loons batting - Pitching for Mercer Island Screaming Eagles : RHP Zion DeBose
|
Batting: LHB Andrés Rodríguez
|
0-0: Ground out 5-3 (Groundball, 56, EV 94.4 MPH)
|
Batting: LHB Derek Corbin
|
0-0: Ground out 4-3 (Groundball, 4, EV 83.8 MPH)
|
Batting: RHB Igme Samson
|
0-0: Foul Ball, location: 2F 0-1: Ball 1-1: Called Strike 1-2: Strikes out swinging
|
Bottom of the 7th over - 0 runs, 0 hits, 0 errors, 0 left on base; Mercer Island 5 - Minnesota 5 |
TOP OF THE 8TH |
Mercer Island Screaming Eagles batting - Pitching for Minnesota Loons : RHP Ronald Beedy
|
Batting: LHB Nelson López
|
0-0: Ball 1-0: Fly out, F8 (Line Drive, 8RD, EV 103.8 MPH)
|
Batting: SHB Serious Lee
|
0-0: Ball 1-0: Ball 2-0: Ball 3-0: Called Strike 3-1: Foul Ball, location: 2F 3-2: Foul Ball, location: 2F 3-2: Ground out 6-3 (Groundball, 6, EV 108.1 MPH)
|
Batting: RHB Alfredo Araújo
|
0-0: Called Strike 0-1: Called Strike 0-2: Ball 1-2: Strikes out looking
|
Top of the 8th over - 0 runs, 0 hits, 0 errors, 0 left on base; Mercer Island 5 - Minnesota 5 |
BOTTOM OF THE 8TH |
Minnesota Loons batting - Pitching for Mercer Island Screaming Eagles : RHP Zion DeBose
|
Batting: RHB Kao-tsu Koo
|
0-0: Ball 1-0: Ball 2-0: Foul Ball, location: 2F 2-1: Fly out, F3 (Popup, 23F, EV 84.4 MPH)
|
Batting: RHB Isagani Gorre
|
0-0: Foul Ball, location: 2F 0-1: Ball 1-1: Ball 2-1: Foul Ball, location: 2F 2-2: Foul Ball, location: 2F 2-2: Ball 3-2: Foul Ball, location: 2F 3-2: Foul Ball, location: 2F 3-2: Ground out 1-3 (Groundball, 13, EV 90.6 MPH)
|
Batting: RHB Raúl Maradona
|
0-0: Foul Ball, location: 2F 0-1: Ball 1-1: Ground out 2-3 (Groundball, 15S, EV 66.9 MPH)
|
Bottom of the 8th over - 0 runs, 0 hits, 0 errors, 0 left on base; Mercer Island 5 - Minnesota 5 |
TOP OF THE 9TH |
Mercer Island Screaming Eagles batting - Pitching for Minnesota Loons : RHP Ronald Beedy
|
Batting: RHB Mikael Evangjeli
|
0-0: Called Strike 0-1: Swinging Strike 0-2: Fly out, F8 (Line Drive, 8LM, EV 94.4 MPH)
|
Batting: RHB Maxence Sultanbekov
|
0-0: Called Strike 0-1: Called Strike 0-2: Foul Ball, location: 2F 0-2: Foul Ball, location: 2F 0-2: Ground out 6-3 (Groundball, 6D, EV 105.6 MPH)
|
Batting: RHB Dave Broom
|
0-0: Swinging Strike 0-1: Ball 1-1: Swinging Strike 1-2: Strikes out looking
|
Top of the 9th over - 0 runs, 0 hits, 0 errors, 0 left on base; Mercer Island 5 - Minnesota 5 |
BOTTOM OF THE 9TH |
Minnesota Loons batting - Pitching for Mercer Island Screaming Eagles : RHP Zion DeBose
|
Pinch Hitting: SHB Milojica Kordic
|
0-0: Called Strike 0-1: Swinging Strike 0-2: Ball 1-2: Foul Ball, location: 2F 1-2: Strikes out swinging
|
Batting: RHB Javier Vázquez
|
0-0: Called Strike 0-1: Ball 1-1: Ball 2-1: Foul Ball, location: 2F 2-2: SINGLE (Flyball, 78S, EV 90.6 MPH)
|
Pitching: LHP Luis Oropeza
|
|
Batting: RHB Héctor Espiga
|
0-0: Foul Ball, location: 2F 0-1: Ball 1-1: Swinging Strike 1-2: Ball 2-2: Foul Ball, location: 2F 2-2: Ball 3-2: Ground out 6-3 (Groundball, 6S, EV 74.4 MPH) Javier Vázquez to second
|
Batting: LHB Andrés Rodríguez
|
0-0: Ball 1-0: Foul Ball, location: 2F 1-1: Foul Ball, location: 2F 1-2: Strikes out swinging
|
Bottom of the 9th over - 0 runs, 1 hit, 0 errors, 1 left on base; Mercer Island 5 - Minnesota 5 |
TOP OF THE 10TH |
Mercer Island Screaming Eagles batting - Pitching for Minnesota Loons : RHP Ronald Beedy
|
Pitching: LHP Ids Knegt
|
|
Now in RF: Juan Huerta
|
|
Pinch Hitting: RHB Miracle Crimes
|
0-0: Called Strike 0-1: Called Strike 0-2: Strikes out swinging
|
Pinch Hitting: SHB Eisse van Opdorp
|
0-0: Fly out, F7 (Flyball, 7LS, EV 85.0 MPH)
|
Batting: RHB Emílio Ramírez
|
0-0: Ground out 6-3 (Groundball, 56, EV 86.2 MPH)
|
Top of the 10th over - 0 runs, 0 hits, 0 errors, 0 left on base; Mercer Island 5 - Minnesota 5 |
BOTTOM OF THE 10TH |
Minnesota Loons batting - Pitching for Mercer Island Screaming Eagles : LHP Luis Oropeza
|
Now at 1B: Mark Patterson
|
|
Now in RF: Miracle Crimes
|
|
Batting: LHB Derek Corbin
|
0-0: Called Strike 0-1: Ball 1-1: Ball 2-1: Ground out U3 (Groundball, 3L, EV 99.4 MPH)
|
Batting: RHB Igme Samson
|
0-0: Called Strike 0-1: Ball 1-1: Fly out, F9 (Flyball, 9LSF, EV 76.2 MPH)
|
Batting: RHB Kao-tsu Koo
|
0-0: Ball 1-0: Ball 2-0: Ball 3-0: Called Strike 3-1: Base on Balls
|
Pitching: LHP Mario López
|
|
Batting: RHB Isagani Gorre
|
0-0: Fly out, F6 (Line Drive, 6, EV 63.1 MPH)
|
Bottom of the 10th over - 0 runs, 0 hits, 0 errors, 1 left on base; Mercer Island 5 - Minnesota 5 |
TOP OF THE 11TH |
Mercer Island Screaming Eagles batting - Pitching for Minnesota Loons : LHP Ids Knegt
|
Pinch Hitting: RHB Rubén Vásquez
|
0-0: Ball 1-0: Called Strike 1-1: Swinging Strike 1-2: Ball 2-2: Foul Ball, location: 2F 2-2: Ball 3-2: Strikes out swinging
|
Batting: SHB Serious Lee
|
0-0: Called Strike 0-1: Ground out 6-3 (Groundball, 6, EV 86.2 MPH)
|
Batting: RHB Alfredo Araújo
|
0-0: Ball 1-0: Fly out, F7 (Flyball, 7S, EV 75.0 MPH)
|
Top of the 11th over - 0 runs, 0 hits, 0 errors, 0 left on base; Mercer Island 5 - Minnesota 5 |
BOTTOM OF THE 11TH |
Minnesota Loons batting - Pitching for Mercer Island Screaming Eagles : LHP Mario López
|
Now at 3B: Ed Bowers
|
|
Batting: RHB Raúl Maradona
|
0-0: Ball 1-0: Ball 2-0: Foul Ball, location: 2F 2-1: Ball 3-1: Foul Ball, location: 2F 3-2: Base on Balls
|
Batting: LHB Juan Huerta
|
0-0: Sac Bunt to 13S - play at first, batter OUT! 1-4 Raúl Maradona to second
|
Batting: RHB Javier Vázquez
|
0-0: Foul Ball, location: 2F 0-1: Called Strike 0-2: Foul Ball, location: 2F 0-2: SINGLE (Groundball, 56D, EV 105.0 MPH) Raúl Maradona to third
|
Batting: RHB Héctor Espiga
|
0-0: Ball 1-0: Called Strike 1-1: Foul Ball, location: 2F 1-2: Foul Ball, location: 2F 1-2: Ball 2-2: Ball 3-2: Strikes out swinging
|
Batting: LHB Andrés Rodríguez
|
0-0: Ball 1-0: Ground out 6-3 (Groundball, 6S, EV 83.8 MPH)
|
Bottom of the 11th over - 0 runs, 1 hit, 0 errors, 2 left on base; Mercer Island 5 - Minnesota 5 |
TOP OF THE 12TH |
Mercer Island Screaming Eagles batting - Pitching for Minnesota Loons : LHP Ids Knegt
|
Batting: RHB Mikael Evangjeli
|
0-0: Called Strike 0-1: Called Strike 0-2: Strikes out swinging
|
Batting: RHB Maxence Sultanbekov
|
0-0: Ball 1-0: Ball 2-0: Ball 3-0: Base on Balls
|
Pitching: RHP Adrián Porras
|
|
Batting: RHB Dave Broom
|
0-0: Ball 1-0: Called Strike 1-1: SINGLE (Line Drive, 8RS, EV 96.2 MPH) Maxence Sultanbekov to second Runner from 2nd tries for 3rd, SAFE, no throw by CF
|
Batting: RHB Miracle Crimes
|
0-0: Called Strike 0-1: Ball 1-1: Called Strike 1-2: Ball 2-2: Foul Ball, location: 2F 2-2: Ball 3-2: Fielders Choice at 2nd, 1-6 (Groundball, 13S, EV 66.9 MPH)
|
Batting: RHB Mark Patterson
|
0-0: Ball 1-0: Fly out, F8 (Flyball, 8LM, EV 90.6 MPH)
|
Top of the 12th over - 0 runs, 1 hit, 0 errors, 2 left on base; Mercer Island 5 - Minnesota 5 |
BOTTOM OF THE 12TH |
Minnesota Loons batting - Pitching for Mercer Island Screaming Eagles : LHP Mario López
|
Batting: LHB Derek Corbin
|
0-0: Called Strike 0-1: Fly out, F9 (Line Drive, 9, EV 109.4 MPH)
|
Batting: RHB Igme Samson
|
0-0: Fly out, F3 (Popup, 34S, EV 85.0 MPH)
|
Batting: RHB Kao-tsu Koo
|
0-0: Ball 1-0: Ground out 6-3 (Groundball, 6, EV 102.5 MPH)
|
Bottom of the 12th over - 0 runs, 0 hits, 0 errors, 0 left on base; Mercer Island 5 - Minnesota 5 |
TOP OF THE 13TH |
Mercer Island Screaming Eagles batting - Pitching for Minnesota Loons : RHP Adrián Porras
|
Batting: RHB Emílio Ramírez
|
0-0: Ball 1-0: Ball 2-0: Foul Ball, location: 2F 2-1: Ball 3-1: Base on Balls
|
Batting: RHB Ed Bowers
|
0-0: Called Strike 0-1: Ball 1-1: Ball 2-1: Grounds into double play, 4-6-3 (Groundball, 4, EV 87.5 MPH)
|
Batting: SHB Serious Lee
|
0-0: Called Strike 0-1: Fly out, F9 (Flyball, 9, EV 96.2 MPH)
|
Top of the 13th over - 0 runs, 0 hits, 0 errors, 0 left on base; Mercer Island 5 - Minnesota 5 |
BOTTOM OF THE 13TH |
Minnesota Loons batting - Pitching for Mercer Island Screaming Eagles : LHP Mario López
|
Batting: RHB Isagani Gorre
|
0-0: Ball 1-0: Called Strike 1-1: Called Strike 1-2: Foul Ball, location: 2F 1-2: Fly out, F9 (Line Drive, 9D, EV 89.4 MPH)
|
Batting: RHB Raúl Maradona
|
0-0: Foul Ball, location: 2F 0-1: Foul Ball, location: 2F 0-2: Ball 1-2: Strikes out looking
|
Pinch Hitting: RHB Alejandro Blasco
|
0-0: Ball 1-0: SINGLE (Groundball, 6MS, EV 76.2 MPH) (infield hit)
|
Pitching: RHP Victor Lustig
|
|
Batting: RHB Javier Vázquez
|
0-0: Foul Ball, location: 2F 0-1: Foul Ball, location: 2F 0-2: SINGLE (Line Drive, 56D, EV 94.4 MPH) Alejandro Blasco to second
|
Batting: RHB Héctor Espiga
|
0-0: Ball 1-0: Fly out, F8 (Line Drive, 8RD, EV 88.1 MPH)
|
Bottom of the 13th over - 0 runs, 2 hits, 0 errors, 2 left on base; Mercer Island 5 - Minnesota 5 |
TOP OF THE 14TH |
Mercer Island Screaming Eagles batting - Pitching for Minnesota Loons : RHP Adrián Porras
|
Now in RF: William Morgan
|
|
Batting: RHB Alfredo Araújo
|
0-0: Foul Ball, location: 2F 0-1: Called Strike 0-2: Ball 1-2: Strikes out looking
|
Batting: RHB Mikael Evangjeli
|
0-0: Called Strike 0-1: Ball 1-1: Called Strike 1-2: Ground out 4-3 (Groundball, 4, EV 86.9 MPH)
|
Batting: RHB Maxence Sultanbekov
|
0-0: Called Strike 0-1: Foul Ball, location: 2F 0-2: Ball 1-2: TRIPLE (Flyball, 89XD, EV 94.4 MPH)
|
Batting: RHB Dave Broom
|
0-0: Called Strike 0-1: Ground out 1-3 (Groundball, 15, EV 60.6 MPH)
|
Top of the 14th over - 0 runs, 1 hit, 0 errors, 1 left on base; Mercer Island 5 - Minnesota 5 |
BOTTOM OF THE 14TH |
Minnesota Loons batting - Pitching for Mercer Island Screaming Eagles : RHP Victor Lustig
|
Batting: LHB Andrés Rodríguez
|
0-0: Ball 1-0: Foul Ball, location: 2F 1-1: Ball 2-1: Ball 3-1: Foul Ball, location: 2F 3-2: SINGLE (Line Drive, 7S, EV 100.0 MPH)
|
Batting: LHB Derek Corbin
|
0-0: Called Strike 0-1: Called Strike 0-2: Ball 1-2: Ball 2-2: Strikes out swinging
|
Batting: RHB Igme Samson
|
0-0: Ball 1-0: SINGLE (Groundball, 6MD, EV 106.2 MPH) Andrés Rodríguez to second
|
Batting: RHB Kao-tsu Koo
|
0-0: Called Strike 0-1: Grounds into double play, 6-4-3 (Groundball, 56, EV 85.0 MPH)
|
Bottom of the 14th over - 0 runs, 2 hits, 0 errors, 1 left on base; Mercer Island 5 - Minnesota 5 |
TOP OF THE 15TH |
Mercer Island Screaming Eagles batting - Pitching for Minnesota Loons : RHP Adrián Porras
|
Batting: RHB Miracle Crimes
|
0-0: Swinging Strike 0-1: Foul Ball, location: 2F 0-2: Strikes out swinging
|
Batting: RHB Mark Patterson
|
0-0: Swinging Strike 0-1: Fly out, F7 (Flyball, 7, EV 89.4 MPH)
|
Batting: RHB Emílio Ramírez
|
0-0: Ball 1-0: Ball 2-0: Foul Ball, location: 2F 2-1: Ball 3-1: Base on Balls
|
Batting: RHB Ed Bowers
|
0-0: Swinging Strike 0-1: Swinging Strike 0-2: Ball 1-2: Ball 2-2: Strikes out looking
|
Top of the 15th over - 0 runs, 0 hits, 0 errors, 1 left on base; Mercer Island 5 - Minnesota 5 |
BOTTOM OF THE 15TH |
Minnesota Loons batting - Pitching for Mercer Island Screaming Eagles : RHP Victor Lustig
|
Batting: RHB Isagani Gorre
|
0-0: Ball 1-0: Swinging Strike 1-1: Foul Ball, location: 2F 1-2: Fly out, F7 (Flyball, 7D, EV 93.8 MPH)
|
Batting: RHB Raúl Maradona
|
0-0: Ball 1-0: Foul Ball, location: 2F 1-1: SINGLE (Line Drive, 8LS, EV 91.2 MPH)
|
Batting: RHB William Morgan
|
0-0: Swinging Strike 0-1: Called Strike 0-2: Ball 1-2: Strikes out swinging
|
Pitching: RHP Jules Goux
|
|
Batting: RHB Javier Vázquez
|
0-0: Called Strike 0-1: Foul Ball, location: 2F 0-2: Foul Ball, location: 2F 0-2: Ball 1-2: Foul Ball, location: 2F 1-2: Strikes out swinging
|
Bottom of the 15th over - 0 runs, 1 hit, 0 errors, 1 left on base; Mercer Island 5 - Minnesota 5 |
TOP OF THE 16TH |
Mercer Island Screaming Eagles batting - Pitching for Minnesota Loons : RHP Adrián Porras
|
Batting: SHB Serious Lee
|
0-0: Ball 1-0: Fly out, F8 (Flyball, 8LD, EV 98.1 MPH)
|
Batting: RHB Alfredo Araújo
|
0-0: Called Strike 0-1: Ball 1-1: Ball 2-1: Foul Ball, location: 2F 2-2: Fly out, F4 (Line Drive, 4, EV 66.9 MPH)
|
Batting: RHB Mikael Evangjeli
|
0-0: Ball 1-0: Ball 2-0: Called Strike 2-1: Called Strike 2-2: Strikes out swinging
|
Top of the 16th over - 0 runs, 0 hits, 0 errors, 0 left on base; Mercer Island 5 - Minnesota 5 |
BOTTOM OF THE 16TH |
Minnesota Loons batting - Pitching for Mercer Island Screaming Eagles : RHP Jules Goux
|
Batting: RHB Héctor Espiga
|
0-0: Foul Ball, location: 2F 0-1: Called Strike 0-2: Strikes out swinging
|
Batting: LHB Andrés Rodríguez
|
0-0: Swinging Strike 0-1: Ball 1-1: Swinging Strike 1-2: Strikes out swinging
|
Batting: LHB Derek Corbin
|
0-0: SINGLE (Line Drive, 8RS, EV 87.5 MPH)
|
Batting: RHB Igme Samson
|
0-0: Foul Ball, location: 2F 0-1: Ball 1-1: Ball 2-1: SINGLE (Line Drive, 89S, EV 98.8 MPH) Derek Corbin to second Runner from 2nd tries for 3rd, SAFE, throw by CF made to third
|
Batting: RHB Kao-tsu Koo
|
0-0: Called Strike 0-1: Ball 1-1: Ball 2-1: Swinging Strike 2-2: Ball 3-2: Ground out 6-3 (Groundball, 6S, EV 76.2 MPH)
|
Bottom of the 16th over - 0 runs, 2 hits, 0 errors, 2 left on base; Mercer Island 5 - Minnesota 5 |
TOP OF THE 17TH |
Mercer Island Screaming Eagles batting - Pitching for Minnesota Loons : RHP Adrián Porras
|
Pitching: RHP Steve Monroe
|
|
Batting: RHB Maxence Sultanbekov
|
0-0: Ball 1-0: Ball 2-0: SINGLE (Groundball, 6D, EV 103.1 MPH)
|
Batting: RHB Dave Broom
|
0-0: Called Strike 0-1: Ball 1-1: Swinging Strike 1-2: Ball 2-2: Foul Ball, location: 2F 2-2: Foul Ball, location: 2F 2-2: Strikes out swinging
|
Batting: RHB Miracle Crimes
|
0-0: Ball 1-0: Called Strike 1-1: Ball 2-1: Ball 3-1: Foul Ball, location: 2F 3-2: TRIPLE (Flyball, 78XD, EV 106.9 MPH) Maxence Sultanbekov scores
|
Batting: RHB Mark Patterson
|
0-0: Called Strike 0-1: Ball 1-1: Ball 2-1: Ball 3-1: Base on Balls
|
Batting: RHB Emílio Ramírez
|
0-0: Ball 1-0: Ball Mark Patterson steals 2nd, throwing error, E2 Miracle Crimes scores Mark Patterson to third 2-0: Intentional Walk
|
Batting: RHB Ed Bowers
|
0-0: SINGLE (Groundball, 4S, EV 83.8 MPH) (infield hit) Mark Patterson scores Emílio Ramírez to second
|
Pitching: RHP Ainanani Oliwa
|
|
Batting: SHB Serious Lee
|
0-0: Ball 1-0: Fielders Choice at 2nd, 3-6 (Groundball, 3, EV 90.6 MPH) Emílio Ramírez to third
|
Batting: RHB Alfredo Araújo
|
0-0: Called Strike 0-1: Ball 1-1: Called Strike 1-2: Ball 2-2: SINGLE (Groundball, 56D, EV 109.4 MPH) Emílio Ramírez scores Serious Lee to second
|
Batting: RHB Mikael Evangjeli
|
0-0: Called Strike 0-1: Called Strike 0-2: Ball 1-2: Foul Ball, location: 2F 1-2: Ball 2-2: Ball 3-2: Foul Ball, location: 2F 3-2: Foul Ball, location: 2F 3-2: Foul Ball, location: 2F 3-2: Foul Ball, location: 2F 3-2: Foul Ball, location: 2F 3-2: Foul Ball, location: 2F 3-2: Base on Balls Serious Lee to third Alfredo Araújo to second
|
Batting: RHB Maxence Sultanbekov
|
0-0: Foul Ball, location: 2F 0-1: Fly out, F9 (Flyball, 9, EV 70.6 MPH)
|
Top of the 17th over - 4 runs, 4 hits, 1 error, 3 left on base; Mercer Island 9 - Minnesota 5 |
BOTTOM OF THE 17TH |
Minnesota Loons batting - Pitching for Mercer Island Screaming Eagles : RHP Jules Goux
|
Batting: RHB Isagani Gorre
|
0-0: Called Strike 0-1: Fly out, F9 (Line Drive, 9, EV 110.0 MPH)
|
Batting: RHB Raúl Maradona
|
0-0: Called Strike 0-1: Ball 1-1: Swinging Strike 1-2: SINGLE (Groundball, 6MD, EV 108.8 MPH)
|
Batting: RHB William Morgan
|
0-0: Foul Ball, location: 2F 0-1: Swinging Strike 0-2: Strikes out swinging
|
Batting: RHB Javier Vázquez
|
0-0: Ball 1-0: Foul Ball, location: 2F 1-1: Swinging Strike 1-2: Foul Ball, location: 2F 1-2: Ball 2-2: SINGLE (Groundball, 4MD, EV 103.8 MPH) Raúl Maradona to second
|
Pitching: LHP Unto Leino
|
|
Batting: RHB Héctor Espiga
|
0-0: Ball 1-0: Ball 2-0: SINGLE (Line Drive, 56D, EV 103.1 MPH) Raúl Maradona to third Javier Vázquez to second
|
Batting: LHB Andrés Rodríguez
|
0-0: Ball 1-0: Foul Ball, location: 2F 1-1: Swinging Strike 1-2: Foul Ball, location: 2F 1-2: Strikes out swinging
|
Bottom of the 17th over - 0 runs, 3 hits, 0 errors, 3 left on base; Mercer Island 9 - Minnesota 5 |
|